 Dungeon Crawl Stone Soup version 0.28-a0-474-g535839065c (webtiles) character file.

Game seed: 3600937739000615326

51395 robertstho the Eclecticist (level 15, -3/106 HPs)
             Began as a Djinni Fire Elementalist on Sept 15, 2021.
             Was an Initiate of Gozag.
             Slain by a black mamba (5 damage)
             ... on level 6 of the Lair of Beasts.
             The game lasted 00:48:13 (28005 turns).

robertstho the Eclecticist (DjFE)                  Turns: 28005, Time: 00:48:14

Health: -3/106     AC: 17    Str:  7    XL:     15   Next: 1%
Gold:   1915       EV:  9    Int: 25    God:    Gozag SH:  8 Dex: 15

rFire   + + +      SeeInvis .   s - +2 halberd (protect)
rCold   . . .      Faith    .   (shield currently unavailable)
rNeg    . . .      Spirit   +   l - +1 scale mail of Theory {rC++}
rPois   ∞          Reflect  .   W - +2 helmet {Int+3}
rElec   .          Harm     .   e - +1 cloak
rCorr   .          Rampage  .   P - +2 pair of gloves {Stlth+}
Will    +....                   (boots unavailable)
Stlth   ++........              G - brooch of Shielding {Spirit SH+8}
HPRegen 0.27/turn               b - ring of fire
MPRegen 0.00/turn               k - ring of protection from fire

@: flying, studying Armour
A: sickness immunity, fire resistance 2, cold vulnerability 1, float, innate
caster, hp casting, extra vitality 1
a: Renounce Religion, Potion Petition, Call Merchant, Bribe Branch


You were on level 6 of the Lair of Beasts.
You worshipped Gozag.
Gozag was most pleased with you.
You visited 3 branches of the dungeon, and saw 20 of its levels.

You collected 4565 gold pieces.
You spent 1753 gold pieces at shops.
You paid 897 gold pieces to Gozag.

Inventory:

Hand Weapons
 r - a +0 short sword of speed
 s - a +2 halberd of protection (weapon)
Armour
 e - a +1 cloak (worn)
 l - the +1 scale mail of Theory (worn) {rC++}
   (You acquired it on level 3 of the Dungeon)

   rC:        It greatly protects you from cold.
 C - a +1 pair of gloves of dexterity
 P - a +2 pair of gloves of stealth (worn)
 R - a +2 pair of gloves of dexterity
 W - a +2 helmet of intelligence (worn)
Jewellery
 b - a ring of fire (left hand)
 k - a ring of protection from fire (right hand)
 o - a ring of ice
 u - a ring of protection from fire
 v - a +6 ring of intelligence
 E - a ring of resist corrosion
 F - a ring of fire
 G - the brooch of Shielding (around neck) {Spirit SH+8}
   (You bought it in a shop on level 11 of the Dungeon)

   [amulet of guardian spirit]

   It causes incoming damage to be divided between your reserves of health and
   magic.
   SH:        It affects your SH (+8).
 O - a ring of positive energy
Wands
 n - a wand of polymorph (4)
 z - a wand of iceblast (18)
 H - a wand of paralysis (10)
 J - a wand of digging (9)
 N - a wand of charming (10)
 S - a wand of acid (8)
 U - a wand of flame (31)
Scrolls
 a - 2 scrolls of identify
 c - 3 scrolls of teleportation
 f - 5 scrolls of immolation
 h - 3 scrolls of silence
 j - a scroll of vulnerability
 m - 4 scrolls of enchant weapon
 t - a scroll of torment
 y - a scroll of holy word
 B - 2 scrolls of summoning
 M - 2 scrolls of magic mapping
Potions
 d - 3 potions of might
 g - 3 potions of brilliance
 i - a potion of resistance
 p - 3 potions of ambrosia
 q - 2 potions of berserk rage
 w - a potion of heal wounds {unknown}
 x - 4 potions of haste
 A - 3 potions of attraction
 D - 2 potions of lignification {unknown}
 I - a potion of magic {unknown}
 K - 2 potions of mutation {unknown}
 L - a potion of cancellation {unknown}
Miscellaneous
 Q - a phantom mirror


   Skills:
 * Level 9.5 Fighting
 + Level 1.4 Long Blades
 + Level 3.6 Polearms
 + Level 6.2 Armour
 + Level 5.4 Dodging
 + Level 4.6 Stealth
 + Level 1.3 Shields
 * Level 15.9 Spellcasting
 + Level 0.3 Evocations


You had 7 spell levels left.
You knew the following spells:

 Your Spells              Type           Power      Damage    Failure   Level
a - Foxfire               Conj/Fire      100%       2x1d9     1%          1
b - Scorch                Fire           100%       2d10      1%          2
c - Conjure Flame         Conj/Fire      99%        6-21      1%          3
d - Inner Flame           Hex/Fire       99%        N/A       1%          3
e - Flame Wave            Conj/Fire      99%        3d16      1%          4
f - Summon Small Mammal   Summ           100%       N/A       1%          1
g - Poisonous Vapours     Pois/Air       100%       N/A       1%          2
h - Summon Guardian Gole  Hex/Summ       78%        N/A       1%          3
i - Spider Form           Tmut/Pois      39%        N/A       1%          3
j - Borgnjor's Vile Clut  Necr/Erth      39%        N/A       1%          5
k - Manifold Assault      Tloc           78%        N/A       1%          5
l - Conjure Ball Lightni  Conj/Air       39%        3x3d13    5%          6
Your spell library was empty.

Dungeon Overview and Level Annotations

Branches:
Dungeon (13/15)            Temple (1/1) D:6            Lair (6/6) D:10
  Swamp (0/4) Lair:3       Spider (0/4) Lair:4        Slime (0/5) Lair:6
    Orc (0/2) D:9
 Vaults: D:13-14

Altars:
Ashenzari
Cheibriados
Dithmenos
Elyvilon
Fedhas
Gozag
Kikubaaqudgha
Makhleb
Nemelex Xobeh
Sif Muna
Trog
Uskayaw
Vehumet
Xom
Yredelemnul
The Shining One
Jiyva

Shops:
D:3 ?   D:9 [:   D:10 :   D:11 =

Annotations:
D:4 1 runed translucent door, robertstho's ghost, novice DjFE
D:12 3 runed translucent doors, rogsnak's ghost, journeyman DjFE
Lair:3 3 runed translucent doors, Nieclary's ghost, journeyman TrTm


Innate Abilities, Weirdness & Mutations

You are immune to sickness and miasma.
You are immune to poison.
Your flesh is very heat resistant. (rF++)
You are vulnerable to cold. (rC-)
You float through the air rather than walking.
You learn spells naturally, not from books.
Your magical power is your life essence.
You have superior vitality. (+4 HP)


Message History

The catoblepas breathes a plume of calcifying dust at you.
The blast of calcifying dust hits you but does no damage.
The hell rat is engulfed in calcifying dust.
The zombie hands lose their grip on something.
You are engulfed in calcifying dust.
You are slowing down.
The hell rat is engulfed in calcifying dust.
Your surroundings suddenly seem different.
Your limbs are stiffening.
Unknown command.
As you read the scroll of teleportation, it crumbles to dust.
You feel strangely unstable.
You have turned to stone.
Your surroundings suddenly seem different.
The black mamba bites you but does no damage.
The black mamba bites you!
* * * LOW HITPOINT WARNING * * *
The black mamba bites you!
* * * LOW HITPOINT WARNING * * *
The black mamba bites you!
* * * LOW HITPOINT WARNING * * *
The black mamba bites you but does no damage. x2
The black mamba bites you!
* * * LOW HITPOINT WARNING * * *
The black mamba bites you.
* * * LOW HITPOINT WARNING * * *
The black mamba bites you.
* * * LOW HITPOINT WARNING * * *
The black mamba bites you.
* * * LOW HITPOINT WARNING * * *
The black mamba bites you. x2
* * * LOW HITPOINT WARNING * * *
You turn to flesh and can move again.
Okay, then.
You feel better. The black mamba bites you!
* * * LOW HITPOINT WARNING * * *
As you read the scroll labelled FAJIRU DIET, it crumbles to dust.
It is a scroll of enchant armour.
Your +0 cloak glows green for a moment.
The black mamba bites you.
You die...
Your body crumbles into a pile of gold.

.......## ..........P
........## ............
#.#.#....# ..........
#######.########
........... #..#.....##
...........###
#.........###............#P
#..........#.....P......PP.
###..#.......!..###P.......
##.....S@....# ###....#.
##..........# #.#....
#..........# ###....
#...........# #....
#..........## ##...
##..........# #....
##..#........# ###....
#....#.......# #......
##....##....## ##.....


You could see a black mamba.

Vanquished Creatures
  Nessos (Lair:6)
  3 hydras
  Erolcha (D:10)
  A catoblepas (Lair:6)
  2 two-headed ogres
  A centaur warrior (D:13)
  7 death yaks (Lair:6)
  Sonja (Lair:3)
  2 bog bodies (Lair:3)
  A deep elf zephyrmancer (D:13)
  A necromancer (Lair:4)
  A deep elf pyromancer (D:13)
  A cyclops (D:11)
  An oklob plant (Lair:4)
  9 black mambas
  9 elephants
  10 cane toads
  Maggie (D:6)
  3 komodo dragons
  A rime drake (Lair:3)
  5 trolls
  2 polar bears (Lair:6)
  Prince Ribbit (D:6)
  A queen bee (D:11)
  A jumping spider (Lair:4)
  4 blink frogs
  9 slime creatures
  A meliai zombie (D:10)
  A redback (Lair:4)
  A wyvern (Lair:1)
  40 yaks
  2 wraiths (D:10)
  2 steam dragons
  3 swamp worms (Lair:3)
  3 acid dragons
  5 orc warriors
  9 water moccasins
  2 ice beasts
  4 black bears
  3 hornet zombies (D:7)
  2 sky beasts
  2 necrophages (D:7)
  7 wolves
  3 ogres
  10 centaurs
  A phantom (D:5)
  4 gnoll sergeants
  A scorpion (D:4)
  10 bullfrogs
  A wyvern zombie (D:7)
  2 wyvern skeletons (D:7)
  2 water moccasin skeletons
  30 killer bees
  6 howler monkeys
  9 wights
  An electric eel (Lair:3)
  2 bullfrog zombies
  4 centaur zombies
  5 hounds
  2 jellies
  5 orc priests
  2 bullfrog skeletons
  A human zombie (D:7)
  2 iguanas (D:5)
  10 orc wizards
  A scorpion zombie (D:5)
  2 killer bee zombies (D:7)
  2 polar bear simulacra (Lair:4)
  3 yak simulacra (Lair:4)
  2 wolf simulacra (Lair:4)
  A mummy (D:7)
  A howler monkey zombie (D:9)
  20 gnolls
  5 adders
  A shadow imp (D:7)
  An adder skeleton (D:5)
  3 dart slugs
  46 orcs
  7 bats
  4 endoplasms
  4 giant cockroaches
  7 goblins
  8 hobgoblins
  2 jackals (D:3)
  12 kobolds
  4 quokkas
  7 ball pythons
  5 frilled lizards
  A quokka zombie (D:3)
  11 rats
  4 river rat simulacra (Lair:4)
444 creatures vanquished.

Vanquished Creatures (collateral kills)
  A crimson imp (D:5)
  9 foxfires
10 creatures vanquished.

Vanquished Creatures (others)
  2 hydras
  2 boulder beetles
  A two-headed ogre (D:12)
  4 death yaks (Lair:6)
  An orc knight (D:13)
  An orc warrior (D:13)
  2 wolves (Lair:3)
  743 foxfires
  33 fungi
  37 plants
826 creatures vanquished.

Grand Total: 1280 creatures vanquished

Notes
Turn   | Place    | Note
-------+----------+-------------------------------------------
     0 | D:1      | robertstho the Djinni Fire Elementalist began the quest for
                  | the Orb.
     0 | D:1      | Reached XP level 1. HP: 15/15 MP: 0/0
     8 | D:1      | Found a shimmering altar of Xom.
   466 | D:1      | Reached XP level 2. HP: 17/21 MP: 0/0
  1097 | D:1      | Reached skill level 3 in Spellcasting
  1308 | D:1      | Reached XP level 3. HP: 26/26 MP: 0/0
  1308 | D:1      | Learned a level 1 spell: Summon Small Mammal
  1651 | D:1      | Found a faded altar of an unknown god.
  2401 | D:2      | Reached XP level 4. HP: 29/31 MP: 0/0
  2567 | D:2      | Reached skill level 1 in Fighting
  3381 | D:3      | Found Jooth's Magic Scroll Shoppe.
  3466 | D:3      | Bought a scroll of identify for 24 gold pieces
  3466 | D:3      | Bought a scroll of identify for 24 gold pieces
  4096 | D:3      | Reached XP level 5. HP: 32/37 MP: 0/0
  4096 | D:3      | Learned a level 2 spell: Poisonous Vapours
  4423 | D:4      | Noticed a black bear
  4425 | D:4      | Reached skill level 4 in Spellcasting
  4428 | D:4      | Killed a black bear
  4429 | D:4      | Reached XP level 6. HP: 33/42 MP: 0/0
  4671 | D:4      | Reached skill level 5 in Spellcasting
  4681 | D:5      | Entered Level 5 of the Dungeon
  4762 | D:5      | Reached XP level 7. HP: 5/48 MP: 0/0
  4762 | D:5      | Learned a level 3 spell: Summon Guardian Golem
  4763 | D:5      | Reached skill level 1 in Long Blades
  5107 | D:5      | Found a burning altar of Makhleb.
  5212 | D:5      | Reached skill level 6 in Spellcasting
  5413 | D:5      | Reached XP level 8. HP: 42/54 MP: 0/0
  7016 | D:4      | Found a runed translucent door.
  7016 | D:4      | Noticed robertstho's ghost (novice DjFE)
  7269 | D:6      | Reached skill level 7 in Spellcasting
  7491 | D:6      | Reached XP level 9. HP: 51/61 MP: 0/0
  7491 | D:6      | Learned a level 3 spell: Spider Form
  7591 | D:6      | Found a staircase to the Ecumenical Temple.
  7636 | Temple   | Entered the Ecumenical Temple
  7911 | Temple   | Became a worshipper of Gozag Ym Sagoz the Greedy
  8089 | D:6      | Reached skill level 8 in Spellcasting
  8180 | D:6      | Noticed Maggie
  8184 | D:6      | Noticed Prince Ribbit
  8190 | D:6      | Killed Maggie
  8201 | D:6      | Killed Prince Ribbit
  9154 | D:7      | Reached skill level 1 in Polearms
  9154 | D:7      | Reached skill level 9 in Spellcasting
  9468 | D:7      | Noticed a two-headed ogre
  9488 | D:7      | Killed a two-headed ogre
  9489 | D:7      | Reached XP level 10. HP: 8/69 MP: 0/0
 10162 | D:7      | Reached skill level 5 in Fighting
 11065 | D:8      | Reached skill level 10 in Spellcasting
 11799 | D:8      | Reached XP level 11. HP: 64/76 MP: 0/0
 11799 | D:8      | Learned a level 5 spell: Borgnjor's Vile Clutch
 12562 | D:9      | Reached skill level 11 in Spellcasting
 13630 | D:9      | Found a staircase to the Orcish Mines.
 13630 | D:9      | Found Xiaseph's Armour Boutique.
 13785 | D:9      | Bought a +1 pair of gloves of dexterity for 165 gold pieces
 14522 | D:9      | Found Qymuboov's Book Emporium.
 14545 | D:10     | Entered Level 10 of the Dungeon
 14617 | D:10     | Found Qiduuc's Book Emporium.
 14642 | D:10     | Found a staircase to the Lair.
 14962 | D:10     | Found a bloodstained altar of Trog.
 15087 | D:10     | Noticed Erolcha
 15093 | D:10     | Killed Erolcha
 15110 | D:10     | Reached XP level 12. HP: 60/84 MP: 0/0
 16144 | D:11     | Reached skill level 12 in Spellcasting
 17112 | D:11     | Bought the brooch of Shielding {Spirit SH+8} for 712 gold
                  | pieces
 17112 | D:11     | Found the brooch of Shielding {Spirit SH+8}
 17842 | D:12     | Found a runed translucent gate.
 17842 | D:12     | Found a runed translucent gate.
 17842 | D:12     | Noticed a quicksilver ooze
 17843 | D:12     | Found a runed translucent gate.
 17844 | D:12     | Noticed rogsnak's ghost (journeyman DjFE)
 17846 | D:12     | Found a viscous altar of Jiyva.
 17917 | D:12     | Noticed a boulder beetle
 17930 | D:12     | Killed a boulder beetle
 18235 | D:12     | Noticed a two-headed ogre
 18243 | D:12     | Killed a two-headed ogre
 18244 | D:12     | Reached skill level 13 in Spellcasting
 18436 | D:12     | Noticed a two-headed ogre
 18446 | D:12     | Killed a two-headed ogre
 18740 | D:13     | Found a sparkling altar of Nemelex Xobeh.
 19005 | D:13     | Noticed a centaur warrior
 19017 | D:13     | Reached XP level 13. HP: 16/92 MP: 0/0
 19017 | D:13     | Learned a level 5 spell: Manifold Assault
 19018 | D:13     | Killed a centaur warrior
 19019 | D:13     | Reached skill level 5 in Dodging
 19130 | Lair:1   | Entered Level 1 of the Lair of Beasts
 19393 | Lair:1   | Noticed a six-headed hydra
 19399 | Lair:1   | Reached skill level 1 in Shields
 19400 | Lair:1   | Killed a six-headed hydra
 19989 | D:3      | Bought a scroll of magic mapping for 42 gold pieces
 19989 | D:3      | Bought a scroll of identify for 24 gold pieces
 19989 | D:3      | Bought a scroll of acquirement for 624 gold pieces
 19989 | D:3      | Bought a scroll of noise for 12 gold pieces
 19989 | D:3      | Bought a scroll of teleportation for 36 gold pieces
 19989 | D:3      | Bought a scroll of immolation for 42 gold pieces
 19989 | D:3      | Bought a scroll of identify for 24 gold pieces
 19989 | D:3      | Bought a scroll of identify for 24 gold pieces
 19999 | D:3      | Acquired the +1 scale mail of Theory {rC++}
 20589 | Lair:2   | Noticed a four-headed hydra
 20598 | Lair:2   | Killed a four-headed hydra
 20653 | Lair:2   | Reached skill level 14 in Spellcasting
 21431 | Lair:3   | Noticed Sonja
 21438 | Lair:3   | Killed Sonja
 21439 | Lair:3   | Reached skill level 1 in Armour
 21642 | Lair:3   | Found a runed translucent gate.
 21642 | Lair:3   | Found a runed translucent gate.
 21642 | Lair:3   | Found a runed translucent gate.
 21647 | Lair:3   | Noticed Nieclary's ghost (journeyman TrTm)
 21888 | Lair:3   | Noticed an eight-headed hydra
 21900 | Lair:3   | Killed an eight-headed hydra
 22308 | Lair:3   | Found a staircase to the Swamp.
 23442 | Lair:4   | Found a hole to the Spider Nest.
 24056 | Lair:5   | Acquired 612 gold pieces
 24180 | Lair:5   | Reached XP level 14. HP: 74/99 MP: 0/0
 25613 | Lair:6   | Entered Level 6 of the Lair of Beasts
 25726 | Lair:6   | Reached skill level 15 in Spellcasting
 26397 | Lair:6   | Reached skill level 5 in Armour
 26945 | Lair:6   | Noticed Nessos
 26955 | Lair:6   | Killed Nessos
 27160 | Lair:6   | Found a viscous altar of Jiyva.
 27160 | Lair:6   | Found a staircase to the Slime Pits.
 27407 | Lair:6   | HP: 5/101 [black mamba (2)]
 27938 | Lair:6   | Reached XP level 15. HP: 81/106 MP: 0/0
 27938 | Lair:6   | Learned a level 6 spell: Conjure Ball Lightning
 28002 | Lair:6   | HP: 5/106 [black mamba (2)]
 28004 | Lair:6   | HP: 1/106 [black mamba (12)]
 28005 | Lair:6   | Slain by a black mamba

Illustrated notes

Levels and vault maps discovered:
D:1:      dpeg_arrival_lava_altar, layout_loops_cross,
          chequers_ecumenical_altar_lobes
D:2:      minmay_diamond_boxcup, layout_loops_ring
D:3:      layout_basic, serial_shops, nicolae_shop_statue_plus,
          corexii_hall_statues_t, minmay_cut_off
D:4:      layout_rooms, gammafunk_ghost_grave, eino_tiny_chamber
D:5:      layout_rooms, makhleb_grotto_becter, serial_co_window_serial,
          co_window_paths_b, co_window_paths_b, co_window_paths_a,
          co_window_corner_a, co_window_corner_a, co_window_of_opportunity_c,
          co_window_broadway_c, co_window_broadway_a, co_window_corner_cb,
          co_window_paths_c, glass_columns_a, glass_columns_b, glass_columns_a,
          kennysheep_generic_room_8
D:6:      layout_loops_ring, minmay_temple_entry_waves,
          chequers_serial_rivers_room_b, uniq_prince_ribbit1, uniq_maggie
D:7:      layout_layer_cave, lemuel_mausoleum_altar_kikubaaqudgha, minmay_puff
D:8:      layout_cave_pools
D:9:      layout_roguey, orc_david_3, serial_shops, kennysheep_mini_moat,
          grunt_ministairs_9, dk_noncrumbling_4
D:10:     layout_basic, lemuel_tele_altar, nicolae_sif_muna_condensation,
          lair_entry_dummy, serial_shops, nicolae_shop_stone, uniq_erolcha
D:11:     layout_cave_pods, special_room [special_room_bee],
          chequers_serial_rivers_micro_c
D:12:     layout_cave_pods, gammafunk_ghost_ooze
D:13:     layout_gridville, hangedman_vaults_entry_quadrant_bands,
          library_closet, nemelex_lonely_heart_becter
Temple:   hc_temple_tempest_star
Lair:1:   layout_hall_layers, chequers_serial_rivers_micro_d
Lair:2:   layout_gridlike
Lair:3:   layout_regular_city, nicolae_swamp_entry_splash_gauntlet,
          gammafunk_ghost_necromancy, uniq_sonja
Lair:4:   layout_roguey, spider_nest_entry_a, chequers_serial_rivers_marsh,
          minmay_lair_oklob_items, eino_house_with_fridge
Lair:5:   nzn_winding_woodlands_three_and_one
          [nzn_winding_woodlands_5x15_default,
          nzn_winding_woodlands_5x15_default, nzn_winding_woodlands_5x15_parted,
          nzn_winding_woodlands_center_triple_pond], layout_regular_city,
          patterned_corridor
Lair:6:   grunt_lair_end_beastmaster, layout_cave_pods, slime_altar_1,
          uniq_nessos

Skill      XL: |  1  2  3  4  5  6  7  8  9 10 11 12 13 14 |
---------------+-------------------------------------------+-----
Spellcasting   | 3 4 5 6 7 9 10 11 13 14 15 | 15.9
Fighting       | 1 2 3 4 5 6 7 8 9 |  9.5
Stealth        | 2 3 4 |  4.6
Long Blades    | 1 |  1.4
Dodging        | 3 4 5 |  5.4
Polearms       | 1 2 3 |  3.6
Shields        | 1 |  1.3
Armour         | 3 6 |  6.2
Evocations     | |  0.3

Action                   |  1- 3 |  4- 6 |  7- 9 | 10-12 | 13-15 || total
-------------------------+-------+-------+-------+-------+-------++-------
Melee: Falchion          |       |    19 |    51 |       |       ||    70
       Halberd           |       |       |    26 |    28 |    23 ||    77
 Cast: Foxfire           |    88 |   104 |    39 |   113 |    97 ||   441
       Scorch            |       |    20 |    76 |    29 |    35 ||   160
       Summon Small Mamm |       |       |     6 |       |       ||     6
       Flame Wave        |       |       |     8 |    45 |    12 ||    65
       Summon Guardian G |       |       |     3 |     5 |    14 ||    22
       Borgnjor's Vile C |       |       |       |    57 |   152 ||   209
       Manifold Assault  |       |       |       |       |     1 ||     1
Invok: Call Merchant     |       |       |       |     1 |       ||     1
       Potion Petition   |       |       |       |       |     1 ||     1
Evoke: Wand              |       |       |       |       |     5 ||     5
  Use: Scroll            |       |     6 |     3 |     7 |    16 ||    32
       Potion            |       |     1 |     1 |       |     7 ||     9
 Stab: Sleeping          |       |     2 |     1 |       |       ||     3
       Distracted        |       |       |     1 |     1 |       ||     2
Armor: Robe              |     5 |     1 |    25 |       |       ||    31
       Steam dragon scal |       |       |    14 |    29 |       ||    43
       Scale mail        |       |       |       |       |    44 ||    44
Dodge: Dodged            |    12 |    23 |    71 |    92 |    40 ||   238
Block: Other             |       |       |       |    11 |    19 ||    30

Table legend: (Time is in decaauts)
 A = Elapsed time spent in this place.
 B = Non-inter-level travel time spent in this place.
 C = Inter-level travel time spent in this place.
 D = Time resting spent in this place.
 E = Time spent auto-exploring this place.
 F = Levels seen in this place.
 G = Mean time per level.
                   A        B        C        D        E       F      G
               +--------+--------+--------+--------+--------+-----+--------+
         Total |  28075 |  27221 |    854 |   4356 |  19893 |  20 | 1403.8 |
       Dungeon |  19176 |  18460 |    716 |   3209 |  13174 |  13 | 1475.1 |
        Temple |    287 |    275 |     12 |    170 |     90 |   1 |  287.0 |
          Lair |   8611 |   8485 |    126 |    977 |   6629 |   6 | 1435.2 |
               +--------+--------+--------+--------+--------+-----+--------+

Top non-repeatable levels by time:
     D:7: 2770 daAuts
  Lair:6: 2397 daAuts
  Lair:3: 2236 daAuts
     D:5: 1931 daAuts
     D:8: 1715 daAuts
     D:1: 1696 daAuts
    D:11: 1606 daAuts
  Lair:5: 1563 daAuts
     D:9: 1490 daAuts
     D:2: 1425 daAuts
     D:3: 1379 daAuts
    D:10: 1334 daAuts
    D:12: 1309 daAuts
     D:6: 1209 daAuts
  Lair:4: 1142 daAuts
